 Dungeon Crawl Stone Soup version 0.21-a0-401-g0b6bec4 (webtiles) character file.

28 cilpolir the Grasshopper (level 3, -1/33 HPs)
             Began as a Naga Warper on Oct 25, 2017.
             Slain by an ooze (2 damage)
             ... on level 1 of the Dungeon.
             The game lasted 00:04:23 (697 turns).

cilpolir the Grasshopper (Naga Warper)               Turns: 697, Time: 00:04:24

Health: -1/33      AC:  2    Str: 13    XL:     3   Next: 14%
Magic:  6/6        EV:  9    Int: 13    God:
Gold:   0          SH:  0    Dex: 11    Spells: 6/6 levels left

rFire    . . .     SeeInvis +   a - +0 short sword
rCold    . . .     Gourm    .   (no shield)
rNeg     . . .     Faith    .   b - +0 leather armour
rPois    +         Spirit   .   (no helmet)
rElec    .         Reflect  .   (no cloak)
rCorr    .         Harm     .   (no gloves)
MR       .....                  (no barding)
Stlth    +.........             (no amulet)
HPRegen  0.11/turn              (no ring)
MPRegen  0.10/turn              (no ring)

@: very slow
A: see invisible, deformed body, poison resistance, slowness 2, slow metabolism
1, spit poison 1, AC +1
a: Spit Poison


You were on level 1 of the Dungeon.
You were not hungry.

You visited 1 branch of the dungeon, and saw 1 of its levels.

Inventory:

Hand Weapons
 a - a +0 short sword (weapon)
Missiles
 e - 5 tomahawks of dispersal (quivered)
Armour
 b - a +0 leather armour (worn)
Jewellery
 h - a cursed -3 ring of protection {unknown}
Scrolls
 d - a scroll of blinking
Books
 c - a book of Spatial Translocations

   Spells                             Type                      Level
   a - Blink                          Translocation                2
   b - Shroud of Golubria             Charms/Translocation         2
   c - Lesser Beckoning               Translocation                3
   d - Gell's Gravitas                Translocation                3
   e - Teleport Other                 Translocation                3
   f - Passage of Golubria            Translocation                4
Comestibles
 f - a bread ration


   Skills:
 + Level 2.4 Fighting
 + Level 2.1 Short Blades
 + Level 0.8 Throwing
 + Level 1.0 Armour
 + Level 1.7 Dodging
 * Level 1.4 Stealth
 + Level 2.3 Spellcasting
   Level 3.0 Translocations


You had 6 spell levels left.
You didn't know any spells.

Dungeon Overview and Level Annotations

Branches:
Dungeon (1/15)

Altars:


Innate Abilities, Weirdness & Mutations

You cannot wear boots.
Your serpentine skin is tough. (AC +1)
You have supernaturally acute eyesight. (SInv)
Armour fits poorly on your strangely shaped body.
Your system is resistant to poisons. (rPois)
You cover ground very slowly.
You have a slow metabolism.
You can spit poison.


Message History

The slug dart misses you. The jackal closely misses you.
The jackal bites you but does no damage.
You open the door.
The ooze quivers.
The giant cockroach barely misses you. The jackal bites you.
* * * LOW HITPOINT WARNING * * *
The giant cockroach bites you but does no damage.
The jackal bites you.
* * * LOW HITPOINT WARNING * * *
The giant cockroach completely misses you.
There is an open door here.
You hit the ooze but do no damage.
The jackal bites you but does no damage.
The giant cockroach barely misses you. The dart slug bites you.
* * * LOW HITPOINT WARNING * * *
The jackal bites you.
* * * LOW HITPOINT WARNING * * *
The ooze closely misses you. The ooze hits you.
You die...

#.........# #.........#
###.....[...# #.#.........#
###...........#####
....#.......)......
......wh...........
###+#######s###........
#..⌠...>..@J..#..######
#......<..r...#..#
+⌠....###....†'..#
#.............#..#
#######'#######..#
#...J.....r...#..#
#.............#..#
#..(........J.#..#
###############..##########


You could see 2 oozes, a jackal, a giant cockroach and 2 rats.

Vanquished Creatures
  3 oozes (D:1)
  A leopard gecko (D:1)
  A bat (D:1)
  4 giant cockroaches (D:1)
  2 goblins (D:1)
  3 rats (D:1)
14 creatures vanquished.

Notes
Turn   | Place    | Note
-------+----------+-------------------------------------------
     0 | D:1      | cilpolir the Naga Warper began the quest for the Orb.
     0 | D:1      | Reached XP level 1. HP: 19/19 MP: 3/3
     1 | D:1      | Found a runed door.
    22 | D:1      | Reached XP level 2. HP: 17/26 MP: 5/5
   281 | D:1      | Reached skill level 1 in Stealth
   497 | D:1      | Reached skill level 1 in Armour
   670 | D:1      | Reached XP level 3. HP: 29/33 MP: 6/6
   696 | D:1      | HP: 1/33 [jackal (3)]
   697 | D:1      | Slain by an ooze

Vault maps used:
D:1:      dpeg_arrival_caged_fury, grunt_decor_one_mirror

Skill      XL: |  1  2 |
---------------+-------+-----
Stealth        | 1 |  1.4
Armour         | 1 |  1.0
Fighting       | |  2.4
Short Blades   | |  2.1
Throwing       | |  0.8
Dodging        | |  1.7
Spellcasting   | |  2.3
Translocations | |  3.0

Action                   || total
-------------------------++-------
Melee: Short sword       ||    71
 Abil: Spit Poison       ||     3
Armor: Leather armour    ||    31
Dodge: Dodged            ||    52

Table legend:
 A = Spawn XP
 B = Non-spawn XP
 C = Spawn XP percentage of total XP
 D = Spawn monster count
 E = Non-spawn monster count
 F = Spawn count percentage of total count
 G = Total turns spent on level
                    A         B        C        D         E        F      G
               +---------+---------+-------+---------+---------+-------+---------
         Total |       0 |      41 |   0.0 |       0 |      14 |   0.0 |   697
               +---------+---------+-------+---------+---------+-------+---------
           D:1 |       0 |      41 |   0.0 |       0 |      14 |   0.0 |   697
               +---------+---------+-------+---------+---------+-------+---------
